 Dungeon Crawl Stone Soup version 0.30-a0-738-g116ff8c4af (webtiles) character file.

Game seed: 591442155591746648

48479 Leeroy the Eclecticist (level 14, -11/77 HPs)
             Began as a Vine Stalker Warper on Feb 3, 2023.
             Was a Believer of Uskayaw.
             Killed by divine providence
             ... invoked by a meliai
              (15 damage)
             ... on level 15 of the Dungeon on Feb 4, 2023.
             The game lasted 00:40:53 (16740 turns).

Leeroy the Eclecticist (Vine Stalker Warper)       Turns: 16740, Time: 00:40:53

Health: -11/77     AC: 14    Str: 14    XL:     14   Next: 46%
Magic:  0/34       EV: 22    Int: 16    God:    Uskayaw [**....]
Gold:   876        SH:  0    Dex: 23    Spells: 6/43 levels left

rFire   . . .      SeeInvis .    I - +7 great sword (freeze)
rCold   + . .      Faith    .    (shield currently unavailable)
rNeg    + . .      Spirit   +    N - +1 robe of Yrhehy {rCorr Str+2 Dex+5}
rPois   .          Reflect  .    f - +2 helmet
rElec   .          Harm     .    Q - +2 cloak
rCorr   +          Rampage  .    F - +2 pair of gloves
Will    ++++.                    J - +1 pair of boots of Kleptomania {rN+ Will+ Int+3}
Stlth   ++++                     q - amulet of regeneration
HPRegen 1.92/turn                n - +5 ring of evasion
MPRegen 0.24/turn                y - ring of Enaid {+Blink rC+ Will++ Str-3 Slay+5}

@: no status effects
A: fangs 3, regeneration 1, magic shield, antimagic bite, no potion heal 2
a: Renounce Religion, Evoke Blink, Stomp, Line Pass


You were on level 15 of the Dungeon.
You worshipped Uskayaw.
Uskayaw was noncommittal.
You visited 3 branches of the dungeon, and saw 18 of its levels.
You visited 1 bazaar.
You also visited: Bailey.

You collected 1789 gold pieces.
You spent 913 gold pieces at shops.

Inventory:

Hand Weapons
 a - a +3 great sword of electrocution
 c - a +0 scimitar of flaming
 C - a +2 rapier of distortion
 D - a +2 scimitar of freezing
 I - a +7 great sword of freezing (weapon)
Missiles
 d - 6 boomerangs of dispersal
 g - 38 poisoned darts (quivered)
 u - 2 throwing nets
 B - 3 silver boomerangs
 M - 3 curare-tipped darts
Armour
 f - a +2 helmet (worn)
 s - the +1 robe "Xenomot" {Int+4}
   (You found it on level 3 of the Dungeon)

   Int:       It affects your intelligence (+4).
 A - a +0 troll leather armour
 F - a +2 pair of gloves (worn)
 J - the +1 pair of boots of Kleptomania (worn) {rN+ Will+ Int+3}
   (You bought it in a shop on level 2 of the Orcish Mines)

   Int:       It affects your intelligence (+3).
   rN:        It protects you from negative energy.
   Will:      It increases your willpower.
 K - a +2 pair of boots
 N - the +1 robe of Yrhehy (worn) {rCorr Str+2 Dex+5}
   (You took it off an orc wizard on level 6 of the Dungeon)

   Str:       It affects your strength (+2).
   Dex:       It affects your dexterity (+5).
   rCorr:     It protects you from acid and corrosion.
 Q - a +2 cloak (worn)
Jewellery
 n - a +5 ring of evasion (left hand)
 p - the necklace of Bloodlust {Fury *Rage Will++ Int-3 Slay+6}
   (You found it on level 14 of the Dungeon)

   [amulet of nothing]

   Fury:      It extends the wearer's berserk rage when killing foes.
   Int:       It affects your intelligence (-3).
   Slay:      It affects your accuracy & damage with ranged weapons and melee
   (+6).
   *Rage:     It berserks you when you make melee attacks (+50% chance).
   Will:      It greatly increases your willpower.
 q - an amulet of regeneration (around neck)
 y - the ring of Enaid (right hand) {+Blink rC+ Will++ Str-3 Slay+5}
   (You took it off a tengu conjurer on level 14 of the Dungeon)

   [ring of protection from cold]

   Str:       It affects your strength (-3).
   Slay:      It affects your accuracy & damage with ranged weapons and melee
   (+5).
   rC:        It protects you from cold.
   +Blink:    It lets you blink.
   Will:      It greatly increases your willpower.
 O - a +4 ring of protection
Wands
 b - a wand of polymorph (3)
 v - a wand of roots (2)
 w - a wand of digging (6)
 x - a wand of flame (10)
 z - a wand of charming (4)
 T - a wand of quicksilver (11)
Scrolls
 e - 4 scrolls of immolation
 k - 8 scrolls of teleportation
 r - 4 scrolls of summoning
 E - 3 scrolls of noise
 H - a scroll of poison
 P - 2 scrolls of fog
 R - 2 scrolls of amnesia {unknown}
 U - a scroll of magic mapping
 V - 4 scrolls of enchant armour
Potions
 h - 2 potions of resistance {unknown}
 i - 2 potions of mutation {unknown}
 j - 2 potions of brilliance
 l - 6 potions of cancellation
 m - 2 potions of invisibility {unknown}
 o - 6 potions of curing
 t - 3 potions of lignification {unknown}
 G - 3 potions of ambrosia {unknown}
 L - 2 potions of degeneration {unknown}
 S - 3 potions of magic {unknown}
 W - 4 potions of heal wounds {unknown}
 X - 3 potions of flight {unknown}
 Y - 3 potions of haste {unknown}
 Z - 3 potions of might


   Skills:
 - Level 10.0 Fighting
 + Level 12.8 Long Blades
 - Level 0.8 Throwing
 - Level 0.7 Armour
 - Level 7.0 Dodging
 - Level 7.0 Stealth
 - Level 15.3 Spellcasting
 - Level 3.0 Translocations


You had 6 spell levels left.
You knew the following spells:

 Your Spells              Type           Power      Damage    Failure   Level
a - Blink                 Tloc           42%        N/A       2%          2
b - Vhi's Electric Charg  Tloc/Air       34%        N/A       9%          3
c - Manifold Assault      Tloc           21%        N/A       16%         4
d - Yara's Violent Unrav  Hex/Tmut       6%         3d5       82%         5
e - Sticky Flame          Conj/Fire      12%        2d4       45%         4
f - Foxfire               Conj/Fire      48%        2x1d6     5%          1
g - Enfeeble              Hex            6%         N/A       100%        7
h - Freezing Cloud        Conj/Ice/Air   6%         6-21      82%         5
i - Mephitic Cloud        Conj/Pois/Air  12%        N/A       16%         3
j - Frozen Ramparts       Ice            24%        1d4       16%         3

Your spell library contained the following spells:

 Spells                   Type           Power      Damage    Failure   Level
 Lesser Beckoning         Tloc           42%        N/A       2%          2
 Gell's Gravitas          Tloc           21%        N/A       4%          3
 Teleport Other           Tloc           21%        N/A       4%          3
 Magic Dart               Conj           48%        1d5       5%          1
 Summon Small Mammal      Summ           48%        N/A       5%          1
 Call Imp                 Summ           12%        N/A       8%          2
 Kindle Blastsparks       Fire/Tloc/Air  30%        2d12      11%         3
 Call Canine Familiar     Summ           12%        N/A       16%         3
 Ignite Poison            Fire/Tmut/Pois 12%        N/A       16%         3
 Summon Guardian Golem    Hex/Summ       12%        N/A       16%         3
 Ice Form                 Ice/Tmut       12%        N/A       45%         4
 Summon Ice Beast         Ice/Summ       12%        N/A       45%         4
 Fireball                 Conj/Fire      6%         3d5       82%         5
 Starburst                Conj/Fire      6%         6d4       100%        6
 Ignition                 Fire           6%         3d4       100%        8


Dungeon Overview and Level Annotations

Branches:
Dungeon (15/15)            Temple (1/1) D:4            Lair (0/5) D:8
    Orc (2/2) D:12            Elf (0/3) Orc:2        Vaults (0/5) D:14
 Bailey (visited)
 Depths: D:15

Altars:
Ashenzari
Cheibriados
Dithmenos
Elyvilon
Fedhas
Gozag
Hepliaklqana
Kikubaaqudgha
Makhleb
Nemelex Xobeh
Okawaru
Qazlal
Ru
Sif Muna
Trog
Uskayaw
Vehumet
Wu Jian
Xom
Yredelemnul
Zin
The Shining One

Shops:
D:11 (   Orc:1 (   Orc:2 [*=:?


Innate Abilities, Weirdness & Mutations

You have razor-sharp teeth.
Your natural rate of healing is unusually fast.
When hurt, damage is shared between your health and your magic reserves.
Your bite disrupts and absorbs the magic of your enemies.
Potions cannot restore your health.


Message History

The centaur shoots an arrow.
The arrow barely misses you.
The centaur shoots an arrow.
The arrow hits you.
The centaur shoots an arrow.
The arrow closely misses you.
The meliai calls down the wrath of its god upon you.
Something smites you!
The meliai buzzes angrily.
You slash the centaur warrior! You freeze the centaur warrior.
Your bite misses the centaur warrior.
The centaur warrior is moderately wounded.
The centaur warrior closely misses you.
The centaur warrior kicks you but does no damage.
The centaur shoots an arrow.
The arrow completely misses you.
The centaur shoots an arrow.
The arrow hits you. The centaur attacks as you move away!
The centaur unwields a +0 shortbow.
The centaur barely misses you. The centaur misses you.
The meliai calls down the wrath of its god upon you.
Something smites you!
The centaur wields a +0 shortbow.
The centaur shoots an arrow.
The arrow hits you but does no damage.
The centaur shoots an arrow.
The arrow closely misses you.
The meliai hits you with a +0 broad axe!
The meliai barely misses you.
The meliai calls down the wrath of its god upon you.
Something smites you!
* * * LOW HITPOINT WARNING * * *
The centaur warrior wields a +0 shortbow.
The centaur warrior shoots an arrow.
The arrow hits you!
* * * LOW HITPOINT WARNING * * *
The centaur unwields a +0 shortbow.
The centaur hits you but does no damage.
The centaur kicks you but does no damage.
The meliai closely misses you. The meliai barely misses you.
The centaur attacks as you move away!
The centaur hits you but does no damage.
The centaur closely misses you. The meliai attacks as you move away!
The meliai misses you. x2; The centaur shoots an arrow.
The arrow misses you.
The centaur warrior shoots an arrow.
The arrow hits you!
* * * LOW HITPOINT WARNING * * *
The meliai invokes the aid of its god against you.
Something smites you!
You die...

#... #..#
#..# #..#
..# #..#
...+
#..#####...#
#...y......#
#.@yc......#
#..c.......#
#.cc$y.....#
#....yy....#
#...)yo.....
######......
...... .....
.....


You could see a centaur warrior, an orc sorcerer, 6 meliai and 3 centaurs.

Vanquished Creatures
  Jorgrun (Orc:2)
  Frances (D:12)
  5 vault guards (D:14)
  A boulder beetle (D:11)
  3 centaur warriors
  3 two-headed ogres
  A deep troll shaman (D:14)
  A tengu warrior (D:13)
  4 orc high priests (Orc:1)
  Sonja (D:13)
  3 deep trolls (D:14)
  8 orc knights
  5 orc sorcerers
  4 ugly things
  2 deep elf pyromancers
  3 cyclopes
  2 manticores
  Joseph (D:7)
  Maurice (D:9)
  An unseen horror (shapeshifter) (D:13)
  A gargoyle (D:14)
  A komodo dragon (D:10)
  A kobold demonologist (D:11)
  A komodo dragon (shapeshifter) (D:14)
  2 yaktaurs (D:14)
  A freezing wraith (D:14)
  An efreet (D:14)
  5 tengu conjurers
  5 trolls
  A meliai (D:14)
  5 slime creatures (D:13)
  A wraith (D:12)
  17 yaks
  4 water elementals (D:14)
  3 wyverns
  2 vampires
  3 shadows
  21 vampire mosquitoes
  2 acid dragons
  A naga (shapeshifter) (D:13)
  A warg (Orc:2)
  A water moccasin (D:6)
  A sky beast (D:8)
  35 orc warriors
  8 centaurs
  10 ogres
  5 kobold brigands
  A necrophage (D:4)
  2 bullfrogs
  4 gnoll sergeants
  3 scorpions
  13 wights
  5 electric eels (D:14)
  5 howler monkeys
  22 orc priests
  5 hounds
  A jelly (D:7)
  A gnoll bouda (D:8)
  3 iguanas
  26 orc wizards
  19 gnolls
  6 adders
  A shadow imp (D:6)
  2 white imps
  2 worms
  104 orcs
  3 ball pythons
  7 endoplasms
  A giant cockroach (D:3)
  8 goblins
  5 hobgoblins
  9 jackals
  2 quokkas
  3 training dummies (D:11)
  5 bats
  3 frilled lizards
  12 kobolds
  6 rats
  A spectral orc (D:7)
480 creatures vanquished.

Vanquished Creatures (collateral kills)
  Erolcha (D:13)
  A cyclops (D:13)
  A basilisk (D:13)
3 creatures vanquished.

Vanquished Creatures (others)
  An orc priest (Orc:2)
  2 orcs (Orc:2)
  96 foxfires (D:14)
99 creatures vanquished.

Grand Total: 582 creatures vanquished

Notes
Turn   | Place    | Note
-------+----------+-------------------------------------------
     0 | D:1      | Leeroy the Vine Stalker Warper began the quest for the Orb.
     0 | D:1      | Reached XP level 1. HP: 11/11 MP: 4/4
   142 | D:1      | Reached XP level 2. HP: 13/15 MP: 4/6
   634 | D:2      | Reached XP level 3. HP: 18/18 MP: 7/7
   878 | D:2      | Gained mutation: Your natural rate of healing is unusually
                  | fast. [Vine Stalker growth]
   878 | D:2      | Reached XP level 4. HP: 22/23 MP: 6/8
  1038 | D:2      | Found a sparkling altar of Nemelex Xobeh.
  1042 | D:2      | Found a faded altar of an unknown god.
  1486 | D:3      | Reached XP level 5. HP: 24/26 MP: 7/9
  1600 | D:3      | Identified the +1 robe "Xenomot" {Int+4}
  1634 | D:3      | Learned a level 2 spell: Blink
  1638 | D:3      | Learned a level 3 spell: Vhi's Electric Charge
  2156 | D:3      | Reached skill level 5 in Long Blades
  2413 | D:4      | Found a staircase to the Ecumenical Temple.
  2421 | Temple   | Entered the Ecumenical Temple
  2980 | Temple   | Became a worshipper of Uskayaw the Reveller
  3203 | D:4      | Reached * piety under Uskayaw
  3339 | D:4      | Reached ** piety under Uskayaw
  3401 | D:4      | Reached XP level 6. HP: 12/30 MP: 2/10
  3750 | D:5      | Entered Level 5 of the Dungeon
  3797 | D:4      | Reached *** piety under Uskayaw
  3876 | D:4      | Reached XP level 7. HP: 24/33 MP: 5/11
  4108 | D:5      | Learned a level 4 spell: Manifold Assault
  4808 | D:6      | Gained mutation: You have razor-sharp teeth. [Vine Stalker
                  | growth]
  4808 | D:6      | Reached XP level 8. HP: 9/38 MP: 6/12
  4837 | D:6      | Identified the +1 robe of Yrhehy {rCorr Str+2 Dex+5}
  5817 | D:7      | Reached **** piety under Uskayaw
  5897 | D:7      | Noticed Joseph
  5911 | D:7      | Killed Joseph
  5912 | D:7      | Reached skill level 10 in Long Blades
  5912 | D:7      | Reached XP level 9. HP: 29/42 MP: 13/13
  6064 | D:7      | Found a basalt altar of Yredelemnul.
  6505 | D:8      | Found a staircase to the Lair.
  6902 | D:8      | Reached ***** piety under Uskayaw
  7046 | D:9      | Reached skill level 3 in Spellcasting
  7118 | D:9      | Reached skill level 4 in Spellcasting
  7118 | D:9      | Reached XP level 10. HP: 35/46 MP: 9/17
  7137 | D:9      | Noticed a two-headed ogre
  7153 | D:9      | Reached skill level 5 in Spellcasting
  7170 | D:9      | Killed a two-headed ogre
  7171 | D:9      | Reached skill level 6 in Spellcasting
  7207 | D:9      | Found a flagged portal.
  7221 | Bailey   | Entered a bailey
  7319 | Bailey   | Reached skill level 7 in Spellcasting
  7364 | Bailey   | Noticed an orc knight
  7364 | Bailey   | Noticed an orc knight
  7381 | Bailey   | Killed an orc knight
  7382 | Bailey   | Reached skill level 8 in Spellcasting
  7384 | Bailey   | HP: 2/46 [orc knight/+0 trident (13)]
  7398 | Bailey   | Killed an orc knight
  7839 | D:9      | Noticed Maurice
  7849 | D:9      | Killed Maurice
  7850 | D:9      | Reached skill level 9 in Spellcasting
  8067 | D:10     | Entered Level 10 of the Dungeon
  8067 | D:10     | Noticed a two-headed ogre
  8527 | D:10     | Killed a two-headed ogre
  8528 | D:10     | Reached skill level 10 in Spellcasting
  8528 | D:10     | Reached XP level 11. HP: 39/50 MP: 17/26
  9006 | D:11     | Reached skill level 11 in Spellcasting
  9025 | D:11     | Noticed a purple ugly thing
  9027 | D:11     | Found Akload's Firing Range.
  9049 | D:11     | Killed a purple ugly thing
  9167 | D:11     | Noticed a boulder beetle
  9207 | D:11     | Reached ****** piety under Uskayaw
  9219 | D:11     | Killed a boulder beetle
  9397 | D:11     | Reached skill level 12 in Spellcasting
  9448 | D:11     | Noticed a cyclops
  9587 | D:11     | Reached skill level 13 in Spellcasting
  9825 | D:11     | Killed a cyclops
  9927 | D:12     | Noticed Frances
  9939 | D:12     | Killed Frances
  9940 | D:12     | Reached XP level 12. HP: 43/54 MP: 30/30
 10048 | D:12     | Identified the +5 halberd of Nightmares {freeze, rC+}
 10082 | D:12     | Reached skill level 14 in Spellcasting
 10099 | D:12     | Found a flickering gateway to a bazaar.
 10105 | Bazaar   | Entered a bazaar
 10105 | Bazaar   | Found Vosauwua's Antique Weapon Boutique.
 10227 | Bazaar   | Found Fato's Antique Armour Shoppe.
 10247 | Bazaar   | Found Iprelui's Book Boutique.
 10258 | Bazaar   | Found Ynechiar's General Store.
 10266 | Bazaar   | Found Roklias's Distillery.
 10463 | Bazaar   | Bought a pair of glowing boots for 195 gold pieces
 10497 | Bazaar   | Bought a potion of curing for 21 gold pieces
 10497 | Bazaar   | Bought 2 potions of curing for 42 gold pieces
 10555 | Bazaar   | Learned a level 5 spell: Yara's Violent Unravelling
 10560 | Bazaar   | Learned a level 4 spell: Sticky Flame
 10560 | Bazaar   | Bought a book of Rime for 196 gold pieces
 10838 | D:13     | Noticed Erolcha
 11146 | D:12     | Found a staircase to the Orcish Mines.
 11196 | D:12     | Reached skill level 15 in Spellcasting
 11267 | Orc:1    | Entered Level 1 of the Orcish Mines
 11584 | Orc:2    | Entered Level 2 of the Orcish Mines
 11587 | Orc:2    | Found Sot Biam's Magic Scroll Emporium.
 12034 | Orc:2    | Noticed an orc high priest
 12035 | Orc:2    | Noticed an orc high priest
 12036 | Orc:2    | Noticed a sun demon
 12043 | Orc:2    | Noticed an orc high priest
 12065 | Orc:1    | Found Ecytusepe's Weapon Shop.
 12101 | Orc:1    | Noticed an orc high priest
 12105 | Orc:1    | Killed an orc high priest
 12116 | Orc:1    | Reached skill level 5 in Dodging
 12372 | Orc:1    | Killed an orc high priest
 12385 | Orc:1    | Killed an orc high priest
 12429 | Orc:1    | Reached XP level 13. HP: 51/58 MP: 33/33
 13016 | Orc:2    | Found a staircase to the Elven Halls.
 13187 | Orc:2    | Noticed Jorgrun
 13371 | Orc:2    | Found Joxarph's Book Emporium.
 13371 | Orc:2    | Found Cyenilod's Assorted Antiques.
 13371 | Orc:2    | Found Yzodety's Antique Armour Boutique.
 13371 | Orc:2    | Found Nakhlow's Jewellery Boutique.
 13392 | Orc:2    | Bought a pair of embroidered gloves for 165 gold pieces
 13398 | Orc:2    | Bought a pair of smoking boots for 294 gold pieces
 13398 | Orc:2    | Identified the +1 pair of boots of Kleptomania {rN+ Will+
                  | Int+3} (You bought it in a shop on level 2 of the Orcish
                  | Mines)
 13590 | Orc:2    | Killed Jorgrun
 13591 | Orc:2    | Reached skill level 5 in Fighting
 14017 | D:12     | Found a white marble altar of Elyvilon.
 14147 | D:13     | Killed Erolcha
 14747 | D:13     | Learned a level 1 spell: Foxfire
 14755 | D:13     | Learned a level 7 spell: Enfeeble
 14757 | D:13     | Noticed Sonja
 14779 | D:13     | Killed Sonja
 15040 | D:14     | Reached XP level 14. HP: 67/75 MP: 29/34
 15294 | D:14     | Reached skill level 1 in Stealth
 15300 | D:14     | Reached skill level 10 in Fighting
 15315 | D:14     | Learned a level 5 spell: Freezing Cloud
 15536 | D:14     | Identified the ring of Enaid {+Blink rC+ Will++ Str-3
                  | Slay+5}
 15618 | D:14     | Found the necklace of Bloodlust {Fury *Rage Will++ Int-3
                  | Slay+6}
 15638 | D:14     | Learned a level 3 spell: Mephitic Cloud
 15714 | D:14     | Reached skill level 5 in Stealth
 16214 | D:14     | Learned a level 3 spell: Frozen Ramparts
 16474 | D:14     | Found a gate to the Vaults.
 16684 | D:15     | Entered Level 15 of the Dungeon
 16740 | D:15     | Killed from afar by a meliai

Illustrated notes

Levels and vault maps discovered:
D:1:      elethiomel_arrival_quiet, layout_loops_ring
D:2:      layout_basic, dreamdust_ecumenical_altar_angels_and_demons,
          basic_altar
D:3:      layout_basic, kennysheep_generic_room_13
D:4:      layout_loops_ring, minmay_temple_entry_drinking_statues,
          serial_park_tiny_pond
D:5:      layout_loops_ring
D:6:      layout_loops_corners
D:7:      layout_loops_ring, yredelemnul_forgotten_temple_becter, uniq_joseph
D:8:      layout_loops_ring, dpeg_oklobed_lair
D:9:      layout_irregular_city, enter_bailey_5, uniq_maurice
D:10:     layout_gridville
D:11:     layout_roguey [special_room_orc], nicolae_shop_firing_range
D:12:     layout_loops_ring, kennysheep_orc_monster_closet_entryway,
          serial_shops, freezing_bzr, nicolae_elyvilon_temple_path, uniq_frances
D:13:     layout_cross, uniq_sonja, uniq_erolcha
D:14:     layout_basic, grunt_vaults_entry_fortified, kennysheep_boxes,
          hellmonk_guarded_unrand_vitality_bloodlust
D:15:     grunt_enter_depths_hoard, layout_irregular_city, serial_column_ruins,
          column_ruins_corridor_straight, column_ruins_grid_1,
          column_ruins_grid_1, column_ruins_corridor_straight,
          column_ruins_corridor_dead_end, column_ruins_open_small
Temple:   mainiacjoe_temple_starburst
Orc:1:    layout_diamond_mine, serial_shops, shop
Orc:2:    grunt_orc_tribal_feast, layout_diamond_mine, serial_shops,
          nicolae_square_shop, gauntlet_entry_generic, nicolae_orc_pool_cavern,
          uniq_jorgrun

Skill      XL: |  1  2  3  4  5  6  7  8  9 10 11 12 13 14 |
---------------+-------------------------------------------+-----
Long Blades    | 2 3 4 5 6 8 10 12 | 12.8
Spellcasting   | 4 10 13 15 | 15.3
Dodging        | 6 7 |  7.0
Fighting       | 9 10 | 10.0
Stealth        | 7 |  7.0
Throwing       | |  0.8
Armour         | |  0.7
Translocations | |  3.0

Action                     |  1- 3 |  4- 6 |  7- 9 | 10-12 | 13-15 || total
---------------------------+-------+-------+-------+-------+-------++-------
  Melee: Falchion          |    77 |   189 |       |       |       ||   266
         Bite              |    20 |    57 |    94 |   250 |   159 ||   580
         Punch             |     1 |       |     5 |    10 |     4 ||    20
         Scimitar          |       |    30 |   283 |   698 |   347 ||  1358
         Dagger            |       |       |       |     9 |       ||     9
         Great sword       |       |       |       |       |    29 ||    29
  Throw: Dart              |       |       |       |    11 |    24 ||    35
         Boomerang         |       |       |       |     1 |       ||     1
         Throwing net      |       |       |       |     1 |       ||     1
   Cast: Blink             |       |     1 |     1 |     4 |     2 ||     8
         Vhi's Electric Ch |       |       |     5 |    16 |    18 ||    39
         Foxfire           |       |       |       |       |    51 ||    51
 Invoke: Line Pass         |       |       |       |       |     1 ||     1
  Evoke: Wand              |       |       |       |     2 |     3 ||     5
    Use: Scroll            |       |       |     5 |    11 |    11 ||    27
   Stab: Paralysed         |       |       |    15 |    32 |    25 ||    72
         Sleeping          |       |       |     2 |       |       ||     2
         Distracted        |       |       |       |       |     1 ||     1
 Armour: Leather armour    |    26 |     9 |       |       |       ||    35
         Robe              |       |    53 |    65 |   217 |   149 ||   484
  Dodge: Dodged            |    57 |   178 |   240 |   626 |   452 ||  1553

Table legend: (Time is in decaauts)
 A = Elapsed time spent in this place.
 B = Non-inter-level travel time spent in this place.
 C = Inter-level travel time spent in this place.
 D = Time resting spent in this place.
 E = Time spent auto-exploring this place.
 F = Levels seen in this place.
 G = Mean time per level.
                   A        B        C        D        E       F      G
               +--------+--------+--------+--------+--------+-----+--------+
         Total |  16583 |  15602 |    981 |   1472 |  10074 |  20 |  829.2 |
       Dungeon |  12644 |  11952 |    692 |    776 |   8236 |  15 |  842.9 |
        Temple |    612 |    519 |     93 |      0 |    499 |   1 |  612.0 |
  Orcish Mines |   2545 |   2350 |    195 |    696 |    964 |   2 | 1272.5 |
        Bazaar |    476 |    476 |      0 |      0 |    164 |   1 |  476.0 |
        Bailey |    304 |    304 |      0 |      0 |    211 |   1 |  304.0 |
               +--------+--------+--------+--------+--------+-----+--------+

Top non-repeatable levels by time:
    D:14: 1746 daAuts
   Orc:2: 1375 daAuts
   Orc:1: 1170 daAuts
    D:12: 1089 daAuts
     D:3: 1065 daAuts
     D:4: 1042 daAuts
     D:6: 989 daAuts
    D:11: 908 daAuts
    D:10: 865 daAuts
    D:13: 852 daAuts
     D:9: 786 daAuts
     D:5: 749 daAuts
     D:7: 707 daAuts
     D:2: 635 daAuts
     D:1: 633 daAuts
